 Dungeon Crawl Stone Soup version 0.29.1-4-g47bece8355 (webtiles) character file.

Game seed: 2648754451144922280

740 hawla the Firebug (level 8, -2/87 HPs)
             Began as a Meteoran Fire Elementalist on Dec 9, 2022.
             Slain by Jingleheimer's ghost (4 damage)
             ... on level 4 of the Dungeon.
             The game lasted 00:07:01 (1112 turns).

hawla the Firebug (Meteoran Fire Elementalist)      Turns: 1112, Time: 00:07:03

Health: -2/87      AC:  2    Str: 10    XL:     8   Next: 25%
Magic:  5/14       EV: 13    Int: 18    God:
Gold:   54         SH:  0    Dex: 15    Spells: 2/14 levels left

rFire   . . .      SeeInvis .   (no weapon)
rCold   . . .      Faith    .   (no shield)
rNeg    . . .      Spirit   .   a - +0 robe
rPois   .          Reflect  .   (no helmet)
rElec   .          Harm     .   (no cloak)
rCorr   .          Rampage  .   (no gloves)
Will    +....                   (no boots)
Stlth   ..........              (no amulet)
HPRegen 0.24/turn               (no ring)
MPRegen 0.14/turn               (no ring)

@: berserking, lethally poisoned (-2 -> -16), very slightly contaminated,
glowing, very quick
A: sense surroundings 1, otherworldly, glowing, explore regen
a: no special abilities


You were on level 4 of the Dungeon.
You visited 1 branch of the dungeon, and saw 5 of its levels.

You collected 84 gold pieces.
You spent 30 gold pieces at shops.

Inventory:

Armour
 a - a +0 robe (worn)
Wands
 c - a wand of acid (3)
Scrolls
 h - 2 scrolls of teleportation
 i - 2 scrolls of enchant armour {unknown}
 k - a scroll of blinking {unknown}
 l - a scroll of brand weapon {unknown}
 m - a scroll of torment {unknown}
Potions
 b - a potion of magic
 d - a potion of curing {unknown}
 e - a potion of degeneration {unknown}
 f - a potion of berserk rage
 g - 2 potions of mutation {unknown}
 j - a potion of flight {unknown}


   Skills:
 - Level 0.4 Fighting
 - Level 2.9 Dodging
 - Level 1.4 Stealth
 - Level 3.7 Spellcasting
 - Level 5.0 Conjurations
 + Level 3.2 Transmutations
 - Level 7.7 Fire Magic
 - Level 2.0 Evocations


You had 2 spell levels left.
You knew the following spells:

 Your Spells              Type           Power      Damage    Failure   Level
a - Foxfire               Conj/Fire      100%       2x1d9     1%          1
b - Scorch                Fire           62%        2d8       1%          2
c - Flame Wave            Conj/Fire      26%        2d8       11%         4
d - Irradiate             Conj/Tmut      9%         3d14      61%         5

Your spell library contained the following spells:

 Spells                   Type           Power      Damage    Failure   Level
 Ensorcelled Hibernation  Hex/Ice        6%         N/A       22%         2
 Sublimation of Blood     Necr           3%         N/A       22%         2
 Conjure Flame            Conj/Fire      26%        6-21      3%          3
 Inner Flame              Hex/Fire       17%        N/A       10%         3
 Spider Form              Tmut/Pois      9%         N/A       24%         3
 Portal Projectile        Hex/Tloc       6%         N/A       41%         3
 Tukima's Dance           Hex            3%         N/A       41%         3
 Petrify                  Tmut/Erth      9%         N/A       61%         4
 Blade Hands              Tmut           7%         N/A       73%         5
 Anguish                  Hex/Necr       1%         N/A       83%         4


Dungeon Overview and Level Annotations

Branches:
Dungeon (5/15) Zot: 1888
 Temple: D:4-7

Altars:

Shops:
D:3 *

Annotations:
D:4 1 transporter, Jingleheimer's ghost, amateur DsFi


Innate Abilities, Weirdness & Mutations

You passively map a small area around you.
You are easily found by Zot.
You glow in the dark.
You regain HP and MP as you explore.


Message History

Unknown command.
Aiming: Corrosive Bolt
Press: ? - help, Shift-Dir - straight line, f - Jingleheimer's ghost
Aim: Jingleheimer's ghost, wielding a weapon of venom (moderately damaged, covered in acid, 83% to hit)
The bolt of acid hits the hornet zombie!
The hornet zombie seems to be corroded for longer.
You destroy the hornet zombie!
The bolt of acid hits Jingleheimer's ghost!
Jingleheimer's ghost seems to be corroded for longer.
Jingleheimer's ghost is heavily damaged.
Your Transmutations skill gained 2 levels and is now at level 3!
Unknown command.
Casting: Flame Wave (dangerous; 11% risk of failure)
Confirm with . or Enter, or press ? or * to list all spells.
Flames lash the phantom.
The phantom is lightly damaged.
The phantom's fire resistance burns away.
Jingleheimer's ghost hits you.
* * * LOW HITPOINT WARNING * * *
You are poisoned.
The phantom barely misses you.
Casting: Scorch (safe; 1% risk of failure)
Confirm with . or Enter, or press ? or * to list all spells.
You miscast Scorch.
You are very lightly contaminated with residual magic.
Nothing appears to happen.
You feel very sick. Jingleheimer's ghost hits you.
* * * LOW HITPOINT WARNING * * *
You are lethally poisoned!
The phantom hits you.
* * * LOW HITPOINT WARNING * * *
The phantom blinks!
It was a potion of berserk rage.
A red film seems to cover your vision as you go berserk!
You feel yourself moving faster!
You feel mighty!
* * * LOW HITPOINT WARNING * * *
You feel very sick. Jingleheimer's ghost hits you.
You die...

# #...................# #.. #
#.................#.# #.#
#..#############..#.####.#
#..#...........#..#.#....#
#..#.....W.....#..#.#.##.#
#..#..###.###..#..#.#.##.#
#..#..#8#.#8#..#..#.#.#..# #
#..#$..........#..#......# #
#.©#(....@W....#©..#.....#
########..#...........#...#.....#
......#...#..#8#.#8#..#...#.##..#
......#...#..###.###..#.........#
?.....#...#...........#...#.###.#
..........#©......W...#...#.# #.#
..........#############)..### #.#
......#.....................# #)#
#######.....................# #.#


You could see a phantom (combustible) and Jingleheimer's ghost (corroded).

Vanquished Creatures
  Menkaure (D:4)
  A hornet zombie (D:4)
  An ogre (D:4)
  A black bear (D:4)
  A phantom (D:4)
  A necrophage (D:5)
  A jelly (D:4)
  A hound (D:4)
  A bullfrog skeleton (D:4)
  2 iguanas (D:4)
  Natasha (thrice) (D:4)
  5 endoplasms
  4 goblins
  2 hobgoblins
  5 kobolds
  A quokka (D:1)
  3 ball pythons
  3 bats
  3 rats (D:1)
40 creatures vanquished.

Vanquished Creatures (others)
  98 foxfires
98 creatures vanquished.

Grand Total: 138 creatures vanquished

Notes
Turn   | Place    | Note
-------+----------+-------------------------------------------
     0 | D:1      | hawla the Meteoran Fire Elementalist began the quest for
                  | the Orb.
     0 | D:1      | Reached XP level 1. HP: 14/14 MP: 5/5
    66 | D:1      | Reached skill level 4 in Fire Magic
    66 | D:1      | Reached XP level 2. HP: 19/20 MP: 1/6
   288 | D:3      | Found a faded altar of an unknown god.
   303 | D:3      | Learned a level 2 spell: Scorch
   319 | D:3      | Reached XP level 3. HP: 26/26 MP: 4/8
   350 | D:3      | Found Xayfaeza's General Store.
   374 | D:3      | Bought a scroll of teleportation for 30 gold pieces
   487 | D:4      | Noticed Natasha
   497 | D:4      | Killed Natasha
   498 | D:4      | Reached XP level 4. HP: 16/33 MP: 1/9
   524 | D:4      | Noticed Natasha
   528 | D:4      | Killed Natasha
   538 | D:4      | Noticed an ogre
   546 | D:5      | Entered Level 5 of the Dungeon
   546 | D:5      | Noticed a necrophage
   553 | D:5      | Killed a necrophage
   554 | D:5      | Reached skill level 5 in Fire Magic
   554 | D:5      | Reached XP level 5. HP: 29/39 MP: 0/11
   559 | D:5      | Learned a level 4 spell: Flame Wave
   631 | D:4      | Found a transporter.
   631 | D:4      | Noticed Jingleheimer's ghost (amateur DsFi)
   636 | D:4      | Noticed Natasha
   640 | D:4      | Reached XP level 6. HP: 46/46 MP: 6/12
   640 | D:4      | Killed Natasha
   722 | D:4      | Reached skill level 6 in Fire Magic
   826 | D:4      | Noticed a black bear
   838 | D:4      | Killed a black bear
   839 | D:4      | Reached XP level 7. HP: 35/51 MP: 1/13
   850 | D:4      | Found a transporter.
   862 | D:4      | Noticed Menkaure
   868 | D:4      | Reached skill level 7 in Fire Magic
   871 | D:4      | Killed Menkaure
   904 | D:4      | Learned a level 5 spell: Irradiate
  1026 | D:4      | Reached skill level 5 in Conjurations
  1026 | D:4      | Reached skill level 1 in Transmutations
  1026 | D:4      | Reached XP level 8. HP: 58/58 MP: 6/14
  1112 | D:4      | HP: 2/87 [poisoned by Jingleheimer's ghost]
  1112 | D:4      | Slain by Jingleheimer's ghost

Illustrated notes

Levels and vault maps discovered:
D:1:      amcnicky_arrival_abandoned_market, layout_basic
D:2:      layout_basic, serial_shops, shop, basic_altar
D:3:      layout_rooms, serial_shops, nicolae_diamond_shop,
          hellmonk_ecumenical_altar_lost_god
D:4:      layout_basic, gammafunk_ghost_mausoleum, uniq_natasha, uniq_menkaure
D:5:      layout_gridville, grunt_temple_overflow_open, minmay_crystal_room

Skill      XL: |  1  2  3  4  5  6  7  8 |
---------------+-------------------------+-----
Fire Magic     | 4 5 6 7 |  7.7
Spellcasting   | 3 |  3.7
Evocations     | 2 |  2.0
Conjurations   | 2 3 5 |  5.0
Transmutations | 1 3 |  3.2
Fighting       | |  0.4
Dodging        | |  2.9
Stealth        | |  1.4

Action                   |  1- 3 |  4- 6 |  7- 9 || total
-------------------------+-------+-------+-------++-------
Melee: Unarmed           |    17 |     2 |       ||    19
 Cast: Foxfire           |    31 |    19 |    10 ||    60
       Scorch            |     1 |    10 |     5 ||    16
       Flame Wave        |       |     1 |     2 ||     3
Evoke: Wand              |       |       |     2 ||     2
  Use: Scroll            |     5 |       |       ||     5
       Potion            |       |       |     1 ||     1
Armor: Robe              |     5 |     1 |       ||     6
Dodge: Dodged            |    22 |     8 |     3 ||    33
